 Dungeon Crawl Stone Soup version 0.21.1-1-g345015f (webtiles) character file.

346 zishaf the Magician (level 6, -2/44 HPs)
             Began as a Gnoll Wizard on May 16, 2018.
             Slain by Sigmund
             ... wielding a +0 scythe
              (9 damage)
             ... on level 4 of the Dungeon.
             The game lasted 00:09:04 (3647 turns).

zishaf the Magician (Gnoll Wizard)                  Turns: 3647, Time: 00:09:05

Health: -2/44      AC:  4    Str: 12    XL:     6   Next: 59%
Magic:  13/16      EV: 14    Int: 23    God:
Gold:   92         SH:  6    Dex: 13    Spells: 14/19 levels left

rFire    . . .     SeeInvis .   f - +3 dagger
rCold    . . .     Gourm    .   o - +0 buckler
rNeg     . . .     Faith    .   a - +0 robe
rPois    .         Spirit   .   k - +0 helmet
rElec    .         Reflect  +   t - +0 cloak
rCorr    .         Harm     .   (no gloves)
MR       +....                  (no boots)
Stlth    +++.......             p - +2 amulet of reflection
HPRegen  0.14/turn              j - ring of protection from magic
MPRegen  0.15/turn              l - +3 ring of strength

@: no status effects
A: distributed training, fangs 1, strong nose
a: no special abilities


You were on level 4 of the Dungeon.
You were not hungry.

You visited 1 branch of the dungeon, and saw 4 of its levels.

You collected 92 gold pieces.

Inventory:

Hand Weapons
 f - a +3 dagger (weapon)
Armour
 a - a +0 robe (worn)
 b - a +0 hat
 k - a +0 helmet (worn)
 o - a +0 buckler (worn)
 t - a +0 cloak (worn)
Jewellery
 j - a ring of protection from magic (left hand)
 l - a +3 ring of strength (right hand)
 p - a +2 amulet of reflection (around neck)
 q - an uncursed ring of protection from cold
 x - an uncursed ring of ice
Wands
 n - a wand of scattershot (4)
 r - a wand of flame (39)
 v - a wand of acid (8)
Scrolls
 g - a scroll of identify
 m - a scroll of enchant weapon
 s - a scroll of fear
 w - a scroll of immolation
Potions
 e - a potion of haste
 h - a potion of magic
Books
 c - a book of Minor Magic

   Spells                             Type                      Level
   a - Magic Dart                     Conjuration                  1
   b - Blink                          Translocation                2
   c - Call Imp                       Summoning                    2
   d - Slow                           Hexes                        2
   e - Conjure Flame                  Conjuration/Fire             3
   f - Mephitic Cloud                 Conjuration/Poison/Air       3
Comestibles
 d - 8 rations
 i - 3 chunks of flesh


   Skills:
 + Level 2.0 Fighting
 + Level 2.0 Short Blades
 + Level 2.0 Long Blades
 + Level 2.0 Axes
 + Level 2.0 Maces & Flails
 + Level 2.0 Polearms
 + Level 2.0 Staves
 + Level 2.0 Slings
 + Level 2.0 Bows
 + Level 2.0 Crossbows
 + Level 2.0 Throwing
 + Level 2.0 Armour
 + Level 5.0 Dodging
 + Level 4.6 Stealth
 + Level 2.0 Shields
 + Level 2.0 Unarmed Combat
 + Level 7.4 Spellcasting
 + Level 2.6 Conjurations
 + Level 1.5 Hexes
 + Level 1.5 Charms
 + Level 2.6 Summonings
 + Level 1.5 Necromancy
 + Level 2.6 Translocations
 + Level 1.5 Transmutations
 + Level 1.5 Fire Magic
 + Level 1.5 Ice Magic
 + Level 1.5 Air Magic
 + Level 1.5 Earth Magic
 + Level 1.5 Poison Magic
 + Level 2.2 Invocations
 + Level 2.0 Evocations


You had 14 spell levels left.
You knew the following spells:

 Your Spells              Type           Power        Failure   Level  Hunger
a - Magic Dart            Conj           ###.         3%          1    None
b - Call Imp              Summ           ###.....     4%          2    None
c - Blink                 Tloc           N/A          4%          2    None


Dungeon Overview and Level Annotations

Branches:
Dungeon (4/15)             Temple (0/1) D:4

Altars:
Elyvilon

Annotations:
D:4 Sigmund


Innate Abilities, Weirdness & Mutations

Your experience applies equally to all skills.
You have very sharp teeth.
Your uncanny sense of smell can sniff out nearby items.


Message History

Something barely misses your crimson imp.
Your crimson imp completely misses something.
Your crimson imp hits the orc.
You hear some strange, mumbled words.
Your crimson imp easily resists.
Your crimson imp blinks!
Something misses your crimson imp. Something hits you!
* * * LOW HITPOINT WARNING * * *
Casting: Call Imp
Confirm with . or Enter, or press ? or * to list all spells.
You feel jittery for a moment.
Your crimson imp blinks!
As you read the scroll of fear, it crumbles to dust.
You assume a fearsome visage.
Your crimson imp is unaffected.
The orc wizard looks frightened!
The orc looks frightened! x2
The orc wizard casts a spell.
The orc wizard blinks!
Something hits you!
You die...

..# ..# ..+
..#+#+###
.5.o..$.#
..o.....#
...o....#
..@....o##########
5....w...5oo.{.5@#
.##+##############
..#.# ....# ##..#
#..## ∆ #...#
#.#.## #....#


You could see a crimson imp, 2 orcs and a friendly crimson imp.

Vanquished Creatures
  An orc wizard (D:3)
  A worker ant (D:4)
  Robin (D:1)
  3 adders
  2 oozes (D:2)
  A worm (D:3)
  A leopard gecko (D:1)
  3 orcs (D:3)
  3 giant cockroaches
  14 goblins
  9 hobgoblins
  2 quokkas
  2 ball pythons (D:1)
  9 bats
  6 frilled lizards
  5 kobolds
  7 rats
70 creatures vanquished.

Vanquished Creatures (collateral kills)
  The ghost of cheese the Ducker, an amateur DgSk (D:3)
  A scorpion (D:4)
  A hound (D:4)
  A worker ant (D:4)
  2 orcs (D:3)
6 creatures vanquished.

Grand Total: 76 creatures vanquished

Notes
Turn   | Place    | Note
-------+----------+-------------------------------------------
     0 | D:1      | zishaf the Gnoll Wizard began the quest for the Orb.
     0 | D:1      | Reached XP level 1. HP: 13/13 MP: 8/8
   192 | D:1      | Reached XP level 2. HP: 19/19 MP: 7/10
   231 | D:1      | Learned a level 2 spell: Call Imp
   234 | D:1      | Learned a level 2 spell: Blink
   849 | D:2      | Noticed Robin
   858 | D:1      | Killed Robin
   858 | D:1      | Reached XP level 3. HP: 25/25 MP: 3/11
  1257 | D:1      | Reached skill level 1 in Invocations
  1659 | D:2      | Reached skill level 1 in Fighting
  1659 | D:2      | Reached skill level 1 in Short Blades
  1659 | D:2      | Reached skill level 1 in Long Blades
  1659 | D:2      | Reached skill level 1 in Axes
  1659 | D:2      | Reached skill level 1 in Maces & Flails
  1659 | D:2      | Reached skill level 1 in Polearms
  1659 | D:2      | Reached skill level 1 in Staves
  1659 | D:2      | Reached skill level 1 in Slings
  1659 | D:2      | Reached skill level 1 in Bows
  1659 | D:2      | Reached skill level 1 in Crossbows
  1659 | D:2      | Reached skill level 1 in Throwing
  1659 | D:2      | Reached skill level 1 in Armour
  1659 | D:2      | Reached skill level 1 in Shields
  1659 | D:2      | Reached skill level 1 in Unarmed Combat
  1659 | D:2      | Reached skill level 1 in Evocations
  1659 | D:2      | Reached XP level 4. HP: 32/32 MP: 7/13
  2278 | D:3      | Found a white marble altar of Elyvilon.
  2324 | D:3      | Reached skill level 1 in Hexes
  2324 | D:3      | Reached skill level 1 in Charms
  2324 | D:3      | Reached skill level 1 in Necromancy
  2324 | D:3      | Reached skill level 1 in Transmutations
  2324 | D:3      | Reached skill level 1 in Fire Magic
  2324 | D:3      | Reached skill level 1 in Ice Magic
  2324 | D:3      | Reached skill level 1 in Air Magic
  2324 | D:3      | Reached skill level 1 in Earth Magic
  2324 | D:3      | Reached skill level 1 in Poison Magic
  2538 | D:3      | Noticed cheese's ghost (amateur DgSk)
  2569 | D:3      | Killed cheese's ghost
  2569 | D:3      | Reached XP level 5. HP: 8/38 MP: 0/14
  2875 | D:3      | Reached XP level 6. HP: 44/44 MP: 14/16
  3451 | D:4      | Reached skill level 5 in Dodging
  3555 | D:4      | Found a staircase to the Ecumenical Temple.
  3561 | D:4      | Noticed Sigmund
  3647 | D:4      | Slain by Sigmund

Skill      XL: |  1  2  3  4  5  6 |
---------------+-------------------+-----
Conjurations   | 2 |  2.6
Summonings     | 2 |  2.6
Translocations | 2 |  2.6
Invocations    | 1 2 |  2.2
Fighting       | 1 2 |  2.0
Short Blades   | 1 2 |  2.0
Long Blades    | 1 2 |  2.0
Axes           | 1 2 |  2.0
Maces & Flails | 1 2 |  2.0
Polearms       | 1 2 |  2.0
Staves         | 1 2 |  2.0
Slings         | 1 2 |  2.0
Bows           | 1 2 |  2.0
Crossbows      | 1 2 |  2.0
Throwing       | 1 2 |  2.0
Armour         | 1 2 |  2.0
Shields        | 1 2 |  2.0
Unarmed Combat | 1 2 |  2.0
Evocations     | 1 2 |  2.0
Hexes          | 1 |  1.5
Charms         | 1 |  1.5
Necromancy     | 1 |  1.5
Transmutations | 1 |  1.5
Fire Magic     | 1 |  1.5
Ice Magic      | 1 |  1.5
Air Magic      | 1 |  1.5
Earth Magic    | 1 |  1.5
Poison Magic   | 1 |  1.5
Dodging        | 5 |  5.0
Stealth        | |  4.6
Spellcasting   | |  7.4

Action                   |  1- 3 |  4- 6 || total
-------------------------+-------+-------++-------
Melee: Unarmed           |     4 |       ||     4
       Bite              |     1 |     9 ||    10
       Dagger            |       |    51 ||    51
 Cast: Magic Dart        |    78 |    64 ||   142
       Call Imp          |       |    11 ||    11
       Blink             |       |     6 ||     6
  Use: Scroll            |       |    11 ||    11
       Potion            |       |     2 ||     2
  Eat: Chunk             |     2 |     6 ||     8
Armor: Robe              |     8 |    16 ||    24
Dodge: Dodged            |    68 |    37 ||   105
Block: Buckler           |       |    11 ||    11
